 Dungeon Crawl Stone Soup version 0.29.1-15-g9cfb28693d (webtiles) character file.

Game seed: 13850748720800655775

35 Eitelfritz the Trooper (level 3, -1/33 HPs)
             Began as a Hill Orc Fighter on Apr 15, 2023.
             Slain by a gnoll
             ... wielding a +0 club
              (4 damage)
             ... on level 2 of the Dungeon.
             The game lasted 00:01:37 (1097 turns).

Eitelfritz the Trooper (Hill Orc Fighter)           Turns: 1097, Time: 00:01:38

Health: -1/33      AC:  8    Str: 20    XL:     3   Next: 35%
Magic:  3/3        EV:  9    Int:  8    God:
Gold:   57         SH:  4    Dex: 10    Spells: 2/2 levels left

rFire   + . .      SeeInvis .   a - +0 war axe
rCold   + . .      Faith    .   c - +0 buckler
rNeg    . . .      Spirit   .   l - +0 scale mail
rPois   +          Reflect  .   (no helmet)
rElec   +          Harm     .   m - +0 cloak
rCorr   +          Rampage  .   (no gloves)
Will    .....                   (no boots)
Stlth   ..........              (no amulet)
HPRegen 0.11/turn               k - ring of flight
MPRegen 0.08/turn               (no ring)

@: resistant, flying
A: no striking features
a: no special abilities


You were on level 2 of the Dungeon.
You visited 1 branch of the dungeon, and saw 2 of its levels.

You collected 57 gold pieces.

Inventory:

Hand Weapons
 a - a +0 war axe (weapon)
 b - a +0 sling
Missiles
 e - 6 javelins (quivered)
Armour
 c - a +0 buckler (worn)
 l - a +0 scale mail (worn)
 m - a +0 cloak (worn)
Jewellery
 k - a ring of flight (left hand)
Scrolls
 f - a scroll of noise {unknown}
 h - a scroll of poison {unknown}
 n - a scroll of amnesia {unknown}
Potions
 d - a potion of might
 j - a potion of lignification {unknown}


   Skills:
 + Level 4.1 Fighting
 + Level 3.3 Axes
 + Level 3.7 Armour
 + Level 3.6 Shields


You had 2 spell levels left.
You didn't know any spells.
Your spell library contained the following spells:

 Spells                   Type           Power      Damage    Failure   Level
 Poisonous Vapours        Pois/Air       0%         N/A       94%         2
 Gell's Gravitas          Tloc           0%         N/A       99%         3
 Portal Projectile        Hex/Tloc       0%         N/A       99%         3
 Teleport Other           Tloc           0%         N/A       99%         3
 Tukima's Dance           Hex            0%         N/A       99%         3
 Corpse Rot               Necr/Pois/Air  0%         N/A       100%        4
 Blade Hands              Tmut           0%         N/A       100%        5
 Dispersal                Tloc           0%         N/A       100%        6


Dungeon Overview and Level Annotations

Branches:
Dungeon (2/15)

Altars:
Kikubaaqudgha


Message History

You slash the endoplasm!
You kill the endoplasm!
A quokka comes into view.
You block the gnoll's attack.
The gnoll hits you from afar with a +0 halberd!
A rat comes into view.
The gnoll barely misses you. The gnoll attacks as you move away!
The gnoll hits you but does no damage.
The gnoll hits you from afar with a +0 halberd!
The kobold throws a stone.
You block the stone. The kobold closely misses you.
You barely miss the kobold. You hit the gnoll but do no damage.
The gnoll hits you with a +0 club. The gnoll closely misses you.
The kobold barely misses you.
You completely miss the kobold. You hit the gnoll. The gnoll barely misses you.
The gnoll closely misses you.
The kobold hits you with a +1 dagger of venom.
* * * LOW HITPOINT WARNING * * *
You are lethally poisoned!
Unknown command.
It was a potion of resistance.
You feel protected.
* * * LOW HITPOINT WARNING * * *
You feel very sick. The gnoll hits you with a +0 club.
* * * LOW HITPOINT WARNING * * *
A gnoll comes into view. It is wielding a +0 halberd.
The gnoll closely misses you. The kobold closely misses you.
It was a potion of curing.
You feel better.
The gnoll shouts!
The gnoll barely misses you. The gnoll closely misses you.
The kobold barely misses you.
You barely miss the gnoll.
The gnoll is heavily wounded.
You slash the kobold!
You kill the kobold!
The gnoll hits you from afar with a +0 halberd!
* * * LOW HITPOINT WARNING * * *
The gnoll hits you with a +0 club.
You die...

._.... ....# r...
# #.. ##.####g#
#..#. .)......#
##... #.....gr#
#.... #..####g#
... #..# #@# ...
#..# ##)###### #.#
#..###........K
#.#
#..##.....#####
#.#
#####........##
#.# #...........##
##.###.###.####.##
..>....# #.# #.#
######## #.# #.#


You could see 3 gnolls, a quokka and a rat (wandering).

Vanquished Creatures
  3 dart slugs
  4 ball pythons (D:1)
  2 bats (D:1)
  4 endoplasms
  2 giant cockroaches
  4 goblins (D:1)
  2 hobgoblins
  A quokka (D:1)
  2 frilled lizards (D:1)
  3 kobolds
  A rat (D:1)
28 creatures vanquished.

Notes
Turn   | Place    | Note
-------+----------+-------------------------------------------
     0 | D:1      | Eitelfritz the Hill Orc Fighter began the quest for the
                  | Orb.
     0 | D:1      | Reached XP level 1. HP: 19/19 MP: 1/1
   190 | D:1      | Reached XP level 2. HP: 21/27 MP: 2/2
   407 | D:1      | Reached skill level 4 in Fighting
   609 | D:1      | Reached XP level 3. HP: 30/33 MP: 3/3
  1086 | D:2      | Found an ancient bone altar of Kikubaaqudgha.
  1097 | D:2      | Slain by a gnoll

Illustrated notes

Levels and vault maps discovered:
D:1:      sevenhm_arrival_forest_fort_large_2, layout_basic
D:2:      layout_loops_ring, basic_altar, serial_shops, shop, uniq_terence

Skill      XL: |  1  2 |
---------------+-------+-----
Fighting       | 4 |  4.1
Axes           | 3 |  3.3
Armour         | |  3.7
Shields        | |  3.6

Action                   || total
-------------------------++-------
Melee: War axe           ||    65
  Use: Potion            ||     2
Armor: Scale mail        ||    38
Dodge: Dodged            ||    42
Block: Buckler           ||    26
